 Dungeon Crawl Stone Soup version 0.14-a0-717-gc32513d (webtiles) character file.

24262 PolkaDot the Severer (level 13, -9/106 HPs)
             Began as a Hill Orc Fighter on Nov 7, 2013.
             Was a High Priest of Beogh (penitent).
             Shot with an arrow by a centaur warrior (21 damage)
             ... on Level 14 of the Dungeon.
             The game lasted 01:53:40 (13233 turns).

PolkaDot the Severer (Hill Orc Fighter)            Turns: 13233, Time: 01:53:40

HP  -9/106       AC 14     Str 20      XL: 13   Next:  8%
MP  12/12        EV 11     Int  8      God: *Beogh
Gold 545         SH  0     Dex 20      Spells:  0 memorised, 12 levels left

Res.Fire  : . . .   See Invis. : +   K - +4,+2 executioner's axe (elec)
Res.Cold  : . . .   Warding    : .   b - +0 orc scale mail
Life Prot.: . . .   Conserve   : +   (no shield)
Res.Poison: .       Res.Corr.  : .   (no helmet)
Res.Elec. : .       Clarity    : .   T - +1 cloak
Sust.Abil.: . .     Spirit.Shd : .   (no gloves)
Res.Mut.  : .       Stasis     : .   A - +0 pair of elf boots
Res.Rott. : .       Flight     : .   C - amulet of conservation {unknown}
Saprovore : + . .                    R - ring of see invisible
                                     m - +4 ring of dexterity

@: somewhat resistant to hostile enchantments, extremely unstealthy
A: saprovore 1, Dex +2
a: Renounce Religion


You were on level 14 of the Dungeon.
You worshipped Beogh.
Beogh was demanding penance.
You were not hungry.

You visited 1 branch of the dungeon, and saw 14 of its levels.

You collected 978 gold pieces.
You spent 433 gold pieces at shops.

Inventory:

Hand weapons
 K - a +4,+2 executioner's axe of electrocution (weapon)
Armour
 b - a +0 orcish scale mail (worn)
 g - a cursed +3 leather armour of fire resistance
 A - a +0 pair of elven boots (worn)
 T - a +1 cloak (worn)
Magical devices
 u - a wand of fireball (3)
 v - a wand of teleportation (4)
Comestibles
 a - 9 bread rations
 c - 4 chunks of giant frog flesh
 d - 5 meat rations
 f - 5 pears
 i - an apricot
 j - a banana
 l - 3 chokos
 U - 6 rotting chunks of griffon flesh
 V - a slice of pizza
 X - a rotting chunk of electric eel flesh
Scrolls
 e - 2 scrolls of recharging
 h - 5 scrolls of identify
 n - a scroll of immolation {unknown}
 r - 3 scrolls of enchant weapon I
 s - 2 scrolls of enchant weapon III {unknown}
 w - a scroll of enchant weapon II
 x - a scroll of fear {unknown}
 y - 4 scrolls of blinking {unknown}
 z - 3 scrolls of noise {unknown}
 B - 3 scrolls of fog
 D - 3 scrolls of enchant armour {unknown}
 H - a scroll of summoning {unknown}
 J - a scroll of vulnerability {unknown}
 M - a scroll of torment {unknown}
 O - 3 scrolls of teleportation {unknown}
 Q - a scroll of magic mapping {unknown}
Jewellery
 m - a +4 ring of dexterity (left hand)
 q - an uncursed ring of magical power
 C - an amulet of conservation (around neck) {unknown}
 I - an uncursed ring of sustain abilities
 N - a cursed ring of protection from cold
 P - an uncursed ring of teleportation
 R - a ring of see invisible (right hand)
Potions
 k - a potion of curing
 o - 3 potions of invisibility
 t - a potion of agility
 E - a potion of resistance {unknown}
 G - a potion of restore abilities
 W - a potion of speed {unknown}
Books
 p - a book of Fire

   Spells                             Type                      Level
   Fire Brand                         Charms/Fire                  2
   Ignite Poison                      Fire/Transmutation           5
   Fireball                           Conjuration/Fire             5
   Bolt of Fire                       Conjuration/Fire             6
   Delayed Fireball                   Conjuration/Fire             7
   Ring of Flames                     Charms/Fire                  7
 F - a book of Cantrips

   Spells                             Type                      Level
   Confusing Touch                    Hexes                        1
   Animate Skeleton                   Necromancy                   1
   Summon Small Mammal                Summoning                    1
   Apportation                        Translocation                1
 L - a book of Necromancy

   Spells                             Type                      Level
   Pain                               Necromancy                   1
   Animate Skeleton                   Necromancy                   1
   Lethal Infusion                    Charms/Necromancy            2
   Vampiric Draining                  Necromancy                   3
   Regeneration                       Charms/Necromancy            3
   Animate Dead                       Necromancy                   4
   Control Undead                     Necromancy                   4


   Skills:
 - Level 8.1 Fighting
   Level 2.1 Long Blades
 * Level 17.0 Axes
   Level 7.0 Polearms
 + Level 12.3 Armour
 + Level 5.4 Dodging
   Level 8.1 Shields


You had 12 spell levels left.
You didn't know any spells.

Dungeon Overview and Level Annotations

Branches:
Dungeon (14/27)            Temple (0/1) D:5             Orc (0/4) D:7
   Lair (0/8) D:8

Altars:
Ashenzari
Cheibriados
Makhleb
Nemelex Xobeh
Vehumet

Shops:
D:10 ?


Innate Abilities, Weirdness & Mutations

You can tolerate rotten meat.
You are agile. (Dex +2)


Message History

There is something rotten in your inventory. (slot X)
h - 5 scrolls of identify (gained 1)
Your orc sorcerer gestures at the surrounding area while chanting.
A centaur warrior comes into view.
The centaur warrior shouts!
The centaur warrior wields a bow.
The centaur warrior shoots an arrow.
The arrow hits you!
The centaur warrior shoots an arrow.
The arrow hits you!
* * * LOW HITPOINT WARNING * * *
The centaur warrior shoots an arrow.
The arrow misses you.
Things that are here:
3 arrows; 18 gold pieces Drink which item? (? for menu, Esc to quit)
You feel much better.
The centaur warrior shoots an arrow.
The arrow hits you!
* * * LOW HITPOINT WARNING * * *
You swap places.
Borgoth roars a battle-cry!
Your orcs go into a battle-frenzy!
The centaur warrior shoots an arrow.
The arrow misses your orc sorcerer. The arrow hits you!
You die...

. ..# # .#.# #.. ...#
#..#.# #.# ..# #..... #.#
..# #....# #.# #.# #..#.##
# #.# #.# #..... .# #.#
#.#######..#.##..###. #(#
#..........o(o.....c#
..####))......o.@.##.#####
.....).###.###zZz.o..#
o...##.....# #.o######
.##.##.###o# #..#
........ozo###..##
###≈≈≈%≈.ozo.....#
##≈P≈)≈≈P#####...#
#≈PP≈(≈oo##......#
#.P≈≈♣≈)≈........#


You could see a centaur warrior, a friendly orc knight (frenzied), the friendly
Borgoth the orc knight, a friendly orc sorcerer (frenzied), the friendly Bogmar
the orc priest (frenzied), a friendly orc (frenzied), a friendly kobold zombie,
a friendly big kobold zombie and a friendly griffon skeleton.

Vanquished Creatures
  Nessos (D:11)
  3 ogre magi
  2 hill giants
  3 wizards (D:12)
  3 unseen horrors
  A griffon (D:14)
  A yaktaur (D:14)
  2 trolls
  A spriggan (D:12)
  5 slime creatures (D:13)
  2 water elementals (D:14)
  A basilisk (D:11)
  10 yaks
  A deep elf mage (D:12)
  A shark (D:14)
  A wraith (D:10)
  A trapdoor spider (D:12)
  Eustachio (D:6)
  2 hippogriffs
  A mottled dragon (D:12)
  A hill giant skeleton (D:12)
  Menkaure (D:6)
  A hungry ghost (D:10)
  2 wolves (D:8)
  2 orc warriors (D:7)
  A giant goldfish (D:8)
  3 ogres
  3 centaurs
  2 sky beasts (D:8)
  3 ice beasts
  4 giant frogs
  7 killer bees
  2 yak skeletons
  13 wights
  A yellow wasp zombie (D:7)
  6 crimson imps
  A goliath beetle (D:5)
  A quasit (D:5)
  11 two-headed ogre zombies (D:11)
  3 scorpions
  A big fish (D:8)
  4 hounds
  3 orc wizards
  4 iguanas
  9 worker ants
  A hound zombie (D:11)
  A mummy (D:6)
  A worker ant zombie (D:5)
  10 adders
  A giant centipede (D:11)
  A gnoll (D:1)
  A giant mite (D:4)
  4 worms
  A grey rat (D:6)
  A giant eyeball (D:4)
  4 giant geckos
  An ooze (D:6)
  14 orcs
  A bat skeleton (D:5)
  16 hobgoblins
  14 jackals
  6 quokkas
  A ball python (D:2)
  16 bats
  4 giant cockroaches
  4 giant newts
  20 goblins
  A goblin skeleton (D:5)
  A hobgoblin zombie (D:5)
  A jackal skeleton (D:4)
  16 kobolds
  A kobold zombie (D:5)
  24 rats
  8 ballistomycetes
  A plant (D:14)
308 creatures vanquished.

Vanquished Creatures (collateral kills)
  A hydra (D:13)
  A centaur warrior (D:13)
  An orc sorcerer (D:12)
  The ghost of timbw the Basher, an experienced TrGl of Makhleb (D:9)
  2 hill giants
  An unseen horror (D:12)
  6 wizards (D:12)
  A cyclops (D:11)
  Maurice (D:11)
  An item mimic (D:11)
  2 two-headed ogres
  2 trapdoor spider zombies
  3 slime creatures (D:13)
  2 griffon zombies
  A shadow (D:11)
  2 sharks (D:14)
  6 orc warriors
  2 water elementals (D:14)
  2 yaks
  A hungry ghost (D:12)
  2 soldier ants
  A wraith (D:13)
  A wolf (D:8)
  A necrophage (D:11)
  An ogre (D:13)
  A sky beast (D:11)
  3 centaurs
  2 giant goldfish (D:8)
  2 big kobolds
  2 water moccasins
  A giant frog (D:14)
  A cyclops zombie (D:13)
  A wyvern skeleton (D:13)
  4 eyes of draining
  8 killer bees
  6 wights
  3 jellyfish (D:8)
  3 crimson imps
  6 electric eels
  2 hounds (D:8)
  2 goliath beetles
  A yellow wasp zombie (D:11)
  A quasit (D:7)
  3 two-headed ogre zombies (D:11)
  A jelly (D:10)
  An iguana (D:8)
  3 big fish
  A centaur skeleton (D:8)
  4 orc wizards
  3 worker ants
  A big kobold skeleton (D:11)
  A worker ant zombie (D:9)
  An adder (D:11)
  A giant centipede (D:12)
  A worm (D:12)
  A giant eyeball (D:13)
  5 orcs
  2 jackals (D:8)
  A giant gecko (D:8)
  A giant spore (D:9)
  2 goblins (D:7)
  4 kobolds
  A rat (D:8)
  5 ballistomycetes
  8 plants (D:14)
145 creatures vanquished.

Vanquished Creatures (others)
  An orc knight (D:11)
  An orc priest (D:9)
  6 orc wizards
  A goliath beetle zombie (D:12)
  16 orcs
  3 giant spores
  A kobold zombie (D:14)
  An orc zombie (D:11)
  4 plants (D:14)
34 creatures vanquished.

Grand Total: 487 creatures vanquished

Notes
Turn   | Place    | Note
--------------------------------------------------------------
     0 | D:1      | PolkaDot, the Hill Orc Fighter, began the quest for the Orb.
     0 | D:1      | Reached XP level 1. HP: 19/19 MP: 0/0
    76 | D:1      | Reached XP level 2. HP: 19/26 MP: 1/1
    85 | D:1      | Reached skill level 4 in Fighting
   308 | D:1      | Reached XP level 3. HP: 11/33 MP: 2/2
  1313 | D:2      | Reached XP level 4. HP: 40/40 MP: 3/3
  1880 | D:3      | Reached skill level 5 in Fighting
  2162 | D:3      | Became a worshipper of Beogh the Brigand
  2169 | D:3      | Found a shattered altar of Ashenzari.
  2169 | D:3      | Found a burning altar of Makhleb.
  2445 | D:4      | Reached XP level 5. HP: 47/47 MP: 4/4
  2504 | D:4      | Found a sparkling altar of Nemelex Xobeh.
  2563 | D:4      | Got a slimy trident
  2567 | D:4      | Identified the +10,+8 trident of the Unspeakable One {pierce, MR++ Stlth++} (You found it on level 4 of the Dungeon)
  2608 | D:4      | Reached skill level 6 in Fighting
  2652 | D:4      | Reached XP level 6. HP: 44/55 MP: 5/5
  2674 | D:4      | Reached skill level 1 in Polearms
  2758 | D:4      | Paralysed by a giant eyeball for 4 turns
  2954 | D:4      | Found a sparkling altar of Nemelex Xobeh.
  3151 | D:5      | Entered Level 5 of the Dungeon
  3151 | D:5      | Found a staircase to the Ecumenical Temple.
  3158 | D:5      | Acquired Beogh's first power
  3523 | D:5      | Reached skill level 5 in Armour
  3523 | D:5      | Reached XP level 7. HP: 44/61 MP: 6/6
  3936 | D:6      | Acquired Beogh's second power
  3975 | D:6      | Reached skill level 5 in Shields
  4150 | D:6      | Reached skill level 7 in Fighting
  4223 | D:6      | Reached XP level 8. HP: 37/70 MP: 7/7
  4248 | D:6      | Gained mutation: You are agile. (Dex +2) [potion of beneficial mutation]
  4250 | D:6      | Noticed Menkaure
  4271 | D:6      | Noticed Eustachio
  4339 | D:6      | Killed Eustachio
  4420 | D:6      | Paralysed by a potion of paralysis for 6 turns
  4442 | D:6      | Killed Menkaure
  4442 | D:6      | Reached skill level 5 in Polearms
  5079 | D:7      | Acquired Beogh's third power
  5098 | D:7      | Reached skill level 8 in Fighting
  5098 | D:7      | Reached XP level 9. HP: 75/78 MP: 8/8
  5106 | D:7      | Found a staircase to the Orcish Mines.
  5195 | D:7      | Got a tattered robe
  5196 | D:7      | Identified the cursed +2 robe of Courage {rF+ Acc+3} (You found it on level 7 of the Dungeon)
  5212 | D:7      | Reached skill level 1 in Axes
  5312 | D:7      | Noticed a hill giant
  5320 | D:7      | Killed a hill giant
  5320 | D:7      | Reached skill level 5 in Axes
  6309 | D:8      | Gained Orkwin as an ally
  6311 | D:8      | Found a staircase to the Lair.
  6320 | D:8      | HP: 1/78 [electric eel/bolt of electricity (13)]
  6328 | D:8      | Reached XP level 10. HP: 2/85 MP: 9/9
  6332 | D:8      | HP: 2/85 [poison (a potion of poison)]
  6888 | D:8      | Reached skill level 9 in Axes
  7392 | D:9      | Noticed timbw's ghost (experienced TrGl)
  7407 | D:9      | Killed timbw's ghost
  7516 | D:9      | Found a snail-covered altar of Cheibriados.
  7528 | D:9      | Acquired Beogh's fourth power
  7528 | D:9      | Reached skill level 10 in Axes
  7542 | D:9      | Found a radiant altar of Vehumet.
  7869 | D:9      | Gained Borgoth as an ally
  8234 | D:10     | Entered Level 10 of the Dungeon
  8424 | D:10     | Killed an unseen horror
  8424 | D:10     | Reached skill level 11 in Axes
  8462 | D:10     | Found Gaehur's Magic Scroll Emporium.
  8469 | D:10     | Bought a scroll of brand weapon for 340 gold pieces
  8469 | D:10     | Bought a scroll of recharging for 93 gold pieces
  8477 | D:10     | Identified a scroll of acquirement
  8739 | D:10     | Noticed a hill giant
  8752 | D:10     | Killed a hill giant
  8752 | D:10     | Reached skill level 12 in Axes
  8752 | D:10     | Reached XP level 11. HP: 71/92 MP: 10/10
  9034 | D:11     | Noticed Maurice
  9076 | D:11     | Killed Maurice
  9174 | D:11     | Noticed Nessos
  9187 | D:11     | Your ally Orkwin died
  9192 | D:11     | Killed Nessos
  9192 | D:11     | Reached skill level 10 in Armour
  9282 | D:11     | Reached skill level 13 in Axes
  9285 | D:11     | Gained Bogmar as an ally
  9290 | D:11     | Acquired Beogh's fifth power
  9360 | D:11     | Noticed an unseen horror
  9364 | D:11     | Killed an unseen horror
  9596 | D:11     | Reached skill level 1 in Dodging
  9602 | D:11     | Noticed an ogre mage
  9619 | D:11     | Killed an ogre mage
 10114 | D:11     | Reached skill level 14 in Axes
 10117 | D:11     | Noticed a hill giant
 10126 | D:11     | Killed a hill giant
 10481 | D:12     | Noticed an unseen horror
 10485 | D:12     | Killed an unseen horror
 10488 | D:12     | Noticed a wizard
 10495 | D:12     | Killed a wizard
 10506 | D:12     | Noticed a wizard
 10520 | D:12     | Noticed a wizard
 10524 | D:12     | Paralysed by a wizard for 6 turns
 10904 | D:12     | Noticed a wizard
 10905 | D:12     | Paralysed by a wizard for 3 turns
 10911 | D:12     | Killed a wizard
 10911 | D:12     | Reached XP level 12. HP: 100/100 MP: 11/11
 10914 | D:12     | Got a dazzling war axe
 10915 | D:12     | Identified the +5,+11 war axe "Threbo Stri" {venom, rF++} (You found it on level 12 of the Dungeon)
 10915 | D:12     | Identified the +5,+11 war axe "Threbo Stri" {venom, rF++} (You found it on level 12 of the Dungeon)
 10960 | D:12     | Noticed a wizard
 10971 | D:12     | Killed a wizard
 11006 | D:12     | Noticed a wizard
 11008 | D:12     | Noticed a wizard
 11011 | D:12     | Paralysed by a wizard for 2 turns
 11015 | D:12     | Killed a wizard
 11020 | D:12     | Killed a wizard
 11020 | D:12     | Reached skill level 15 in Axes
 11022 | D:12     | Was placed under penance by Beogh
 11103 | D:12     | Killed a wizard
 11124 | D:12     | Killed a wizard
 11142 | D:12     | Noticed an ogre mage
 11152 | D:12     | Killed an ogre mage
 11388 | D:12     | Noticed a wizard
 11391 | D:12     | Killed a wizard
 11451 | D:12     | Noticed a wizard
 11458 | D:12     | Killed a wizard
 11538 | D:12     | Noticed an ogre mage
 11547 | D:12     | Killed an ogre mage
 11680 | D:13     | Reached skill level 16 in Axes
 12070 | D:13     | Noticed a five-headed hydra
 12074 | D:13     | Killed a five-headed hydra
 12135 | D:13     | Paralysed by a giant eyeball for 3 turns
 12141 | D:13     | Paralysed by a giant eyeball for 2 turns
 12226 | D:13     | Reached skill level 5 in Dodging
 12656 | D:14     | Was forgiven by Beogh
 12689 | D:14     | Reached XP level 13. HP: 76/106 MP: 12/12
 12799 | D:14     | Was placed under penance by Beogh
 12872 | D:14     | Reached skill level 17 in Axes
 13233 | D:14     | Shot with an arrow by a centaur warrior

Action                   |  1- 3 |  4- 6 |  7- 9 | 10-12 | 13-15 || total
-------------------------+-------+-------+-------+-------+-------++-------
Melee: Falchion          |    44 |       |       |       |       ||    44
       Mace              |   101 |   126 |       |       |       ||   227
       Trident           |       |    88 |   254 |    21 |       ||   363
       Battleaxe         |       |       |       |   280 |       ||   280
       Executioner's axe |       |       |       |    85 |    11 ||    96
Invok: Convert to Beogh  |       |     1 |       |       |       ||     1
       Recall Orcish Fol |       |       |       |     6 |       ||     6
Evoke: Wand              |       |       |     3 |     2 |       ||     5
  Use: Scroll            |       |     7 |     4 |    11 |       ||    22
       Potion            |       |       |    14 |    12 |     1 ||    27
 Stab: Sleeping          |       |       |     2 |       |       ||     2
       Distracted        |       |       |     2 |     9 |       ||    11
       Invisible         |       |       |     1 |       |       ||     1
